[Event "Satka Autumn 2019"]
[Site "Satka"]
[Date "2019.09.21"]
[Round "3.2"]
[White "Makarenko, Alexandra"]
[Black "Charochkina, Daria"]
[Result "0-1"]
[ECO "B41"]
[WhiteElo "2169"]
[BlackElo "2360"]
[Annotator "NA"]
[PlyCount "82"]
[EventDate "2019.09.19"]
[EventType "swiss"]
[EventCountry "RUS"]
[SourceTitle "playchess.com"]
[Source "ChessBase"]
[SourceQuality "1"]
[TimeControl "5400+30"]

1. e4 c5 2. Nf3 e6 3. d4 cxd4 4. Nxd4 a6 5. g3 d5 6. exd5 Qxd5 7. Nf3 Qxd1+ 8. Kxd1 b5 9. Bd3 Bb7 10. Nbd2 Nf6 11. Re1 Nbd7 12. Ne4 Nc5 13. Nxf6+ gxf6 14. Ke2 Nxd3 15. cxd3 Rc8 16. Nd4 e5 17. Kf1 Kd7 18. Nf5 Bb4 19. Re3 Rc2 20. a3 Bd2 21. Bxd2 Rxd2 22. Re2 Rxd3 23. Rc1 Rc8 24. Rxc8 Bxc8 25. Rc2 Bb7 26. Ke2 Be4 27. Nh6 Rb3 28. Rd2+ Ke6 29. Ke1 f5 30. Kd1 f4 31. gxf4 exf4 32. Re2 f5 33. Kc1 Rh3 34. Ng4 fxg4 35. Rxe4+ Kf5 36. Re7 Rxh2 37. Ra7 g3 38. fxg3 fxg3 39. Rf7+ Kg6 40. Rf3 g2 41. Rg3+ Kf5 0-1

[Event "Satka Autumn 2019"]
[Site "Satka"]
[Date "2019.09.21"]
[Round "3.3"]
[White "Borisova, Ekaterina"]
[Black "Loskutova, Viktoriya"]
[Result "1/2-1/2"]
[ECO "C11"]
[WhiteElo "2307"]
[BlackElo "2162"]
[Annotator "NA"]
[PlyCount "91"]
[EventDate "2019.09.19"]
[EventType "swiss"]
[EventCountry "RUS"]
[SourceTitle "playchess.com"]
[Source "ChessBase"]
[SourceQuality "1"]
[TimeControl "5400+30"]

1. e4 e6 2. d4 d5 3. Nc3 Nf6 4. Bg5 dxe4 5. Nxe4 Nbd7 6. Nf3 h6 7. Nxf6+ Nxf6 8. Be3 Be7 9. Bd3 Nd5 10. Qd2 Nxe3 11. Qxe3 c5 12. O-O-O Qb6 13. dxc5 Qxc5 14. Qe2 Bf6 15. Rhe1 Bd7 16. Nd2 Bc6 17. Ne4 Bxe4 18. Bxe4 Qb6 19. c3 Ke7 20. f4 Rhd8 21. f5 Rxd1+ 22. Rxd1 Rd8 23. Rxd8 Kxd8 24. Qf3 Kc7 25. fxe6 fxe6 26. Kc2 Qb5 27. h3 b6 28. g4 Qa4+ 29. Kb1 Qd7 30. a3 Kd8 31. Bc2 Qd5 32. Qe2 a5 33. Bd3 e5 34. Be4 Qc5 35. Qa6 Qc7 36. Kc2 Ke7 37. b4 axb4 38. axb4 Bg5 39. c4 Be3 40. Kd3 Bf4 41. Qb5 Qa7 42. Bf5 g6 43. Bxg6 Qa3+ 44. Kc2 Qa2+ 45. Kc3 Qa3+ 46. Kc2 1/2-1/2

[Event "Satka Autumn 2019"]
[Site "Satka"]
[Date "2019.09.21"]
[Round "3.4"]
[White "Bykova, Anastasia"]
[Black "Mar, Karmen"]
[Result "1-0"]
[ECO "D17"]
[WhiteElo "2259"]
[BlackElo "2026"]
[Annotator "NA"]
[PlyCount "93"]
[EventDate "2019.09.19"]
[EventType "swiss"]
[EventCountry "RUS"]
[SourceTitle "playchess.com"]
[Source "ChessBase"]
[SourceQuality "1"]
[TimeControl "5400+30"]

1. d4 d5 2. c4 c6 3. Nf3 Nf6 4. Nc3 dxc4 5. a4 Bf5 6. Nh4 Bc8 7. Nf3 Bf5 8. Ne5 Nbd7 9. Nxc4 Nb6 10. Ne5 a5 11. e3 e6 12. g4 Bg6 13. h4 Ne4 14. h5 Nxc3 15. bxc3 Be4 16. f3 f6 17. fxe4 fxe5 18. Qb3 Bd6 19. Qxe6+ Qe7 20. Qxe7+ Kxe7 21. Bd3 h6 22. Ke2 Rad8 23. Bd2 Bc7 24. Bc2 Rhf8 25. Be1 Rde8 26. Bh4+ Kd7 27. Rhf1 Kc8 28. Rf5 Nc4 29. Raf1 Rxf5 30. gxf5 Bd6 31. Bb3 Nb6 32. Rg1 exd4 33. Be6+ Kb8 34. exd4 Nxa4 35. Kd3 Nb6 36. Rxg7 a4 37. e5 Bf8 38. Rg8 a3 39. Ba2 Kc7 40. e6 Nd5 41. e7 Rxe7 42. Bxd5 cxd5 43. Rxf8 Rg7 44. Ra8 Rg4 45. Be7 Rg3+ 46. Kc2 Kd7 47. f6 1-0

[Event "Satka Autumn 2019"]
[Site "Satka"]
[Date "2019.09.21"]
[Round "3.5"]
[White "Nosacheva, Mariya"]
[Black "Mironenko, Galina"]
[Result "1/2-1/2"]
[ECO "C00"]
[WhiteElo "2193"]
[BlackElo "1982"]
[Annotator "NA"]
[PlyCount "143"]
[EventDate "2019.09.19"]
[EventType "swiss"]
[EventCountry "RUS"]
[SourceTitle "playchess.com"]
[Source "ChessBase"]
[SourceQuality "1"]
[TimeControl "5400+30"]

1. e4 e6 2. d3 d5 3. Nd2 Nf6 4. Ngf3 Nc6 5. e5 Nd7 6. Qe2 Nb4 7. Nb3 c5 8. g3 Qc7 9. Bf4 b5 10. Bg2 Be7 11. O-O h6 12. h4 Bb7 13. Rfe1 a5 14. a3 Nc6 15. a4 bxa4 16. Rxa4 Nb6 17. Raa1 a4 18. Nbd2 Nb4 19. Nb1 d4 20. Na3 Qd7 21. h5 g5 22. hxg6 fxg6 23. c3 N4d5 24. Bd2 Nc7 25. cxd4 cxd4 26. Rac1 Na6 27. Ba5 Bd8 28. Bxb6 Bxb6 29. Nc4 Bc5 30. Nd6+ Bxd6 31. exd6 Qxd6 32. Qxe6+ Qxe6 33. Rxe6+ Kf7 34. Rce1 Bxf3 35. Bxf3 Rae8 36. Bd5 Rxe6 37. Rxe6 Nc7 38. Re5+ Kf6 39. f4 Rb8 40. Bc4 Rxb2 41. Ra5 Rb6 42. Kf2 Ne8 43. Rxa4 Nd6 44. Kf3 h5 45. Bd5 g5 46. fxg5+ Kxg5 47. Rxd4 Nf5 48. Ra4 Rb1 49. Be4 Rf1+ 50. Kg2 Ne3+ 51. Kh3 Ng4 52. Ra5+ Kh6 53. Ra6+ Rf6 54. Rxf6+ Nxf6 55. Kh4 Ne8 56. Bd5 Ng7 57. Be4 Ne6 58. Bf3 Ng7 59. Be4 Ne6 60. Bf5 Nd4 61. Bd7 Nf3+ 62. Kh3 Kg5 63. Bc6 Nd4 64. Be4 Ne2 65. Kg2 Nd4 66. Kf2 Kg4 67. Bb7 h4 68. Bc8+ Kg5 69. gxh4+ Kxh4 70. Ke3 Nb3 71. Kf4 Nc1 72. Bf5 1/2-1/2

[Event "Satka Autumn 2019"]
[Site "Satka"]
[Date "2019.09.21"]
[Round "3.6"]
[White "Petrenko, Svetlana"]
[Black "Semenova, Elena"]
[Result "1/2-1/2"]
[ECO "C78"]
[WhiteElo "2200"]
[BlackElo "2303"]
[Annotator "NA"]
[PlyCount "102"]
[EventDate "2019.09.19"]
[EventType "swiss"]
[EventCountry "RUS"]
[SourceTitle "playchess.com"]
[Source "ChessBase"]
[SourceQuality "1"]
[TimeControl "5400+30"]

1. e4 e5 2. Nf3 Nc6 3. Bb5 a6 4. Ba4 Nf6 5. O-O b5 6. Bb3 Bc5 7. Qe2 O-O 8. c3 d5 9. exd5 Nxd5 10. Nxe5 Nf4 11. Qe4 Nxe5 12. d4 Bb7 13. Qxf4 Ng6 14. Qg4 Be7 15. g3 c5 16. Be3 Kh8 17. Qf5 Qc7 18. Nd2 Rad8 19. f3 Bc8 20. Qh5 f5 21. f4 Bb7 22. Nf3 Qc6 23. Rae1 a5 24. a3 b4 25. d5 Qb6 26. axb4 Bxd5 27. Bxd5 Rxd5 28. bxa5 Qxb2 29. c4 Rd3 30. Bf2 Qc3 31. Ne5 Nxe5 32. Rxe5 Bf6 33. Re8 Rd8 34. Rxf8+ Rxf8 35. Qxf5 Qxa5 36. Qxc5 Qxc5 37. Bxc5 Rc8 38. Re1 h6 39. Bf2 Rxc4 40. Re8+ Kh7 41. Kg2 Kg6 42. h3 h5 43. Kf3 Rc3+ 44. Re3 Rxe3+ 45. Bxe3 Kf5 46. g4+ hxg4+ 47. hxg4+ Ke6 48. Ke4 g6 49. Bd4 Bd8 50. Be5 Be7 51. Bb8 Bf6 1/2-1/2

[Event "Satka Autumn 2019"]
[Site "Satka"]
[Date "2019.09.21"]
[Round "3.7"]
[White "Eidelson, Rakhil"]
[Black "Lysenko, Margarita"]
[Result "1/2-1/2"]
[ECO "A05"]
[WhiteElo "2064"]
[BlackElo "2249"]
[Annotator "NA"]
[PlyCount "92"]
[EventDate "2019.09.19"]
[EventType "swiss"]
[EventCountry "RUS"]
[SourceTitle "playchess.com"]
[Source "ChessBase"]
[SourceQuality "1"]
[TimeControl "5400+30"]

1. Nf3 Nf6 2. g3 b5 3. Na3 Ba6 4. d3 d5 5. Bg2 e6 6. O-O Nbd7 7. c3 Bd6 8. Nc2 Nb6 9. Re1 O-O 10. e4 dxe4 11. dxe4 e5 12. Nh4 g6 13. Bg5 Be7 14. Qf3 Nfd7 15. Bxe7 Qxe7 16. Qe2 c5 17. a4 c4 18. Nb4 Nc5 19. Nxa6 Nxa6 20. axb5 Nc5 21. Qe3 Nb3 22. Rad1 Rfd8 23. Bf1 Kg7 24. Nf3 Qe8 25. Rd5 Nxd5 26. exd5 Qxb5 27. Nxe5 Re8 28. Bxc4 Qb7 29. Qf4 f6 30. Nf3 Na5 31. Re4 Rxe4 32. Qxe4 Nxc4 33. Qxc4 Rd8 34. Qc6 Qxc6 35. dxc6 a5 36. Nd4 Kf7 37. b3 Ke7 38. Kf1 Kd6 39. Ke2 a4 40. bxa4 Ra8 41. Ke3 Rxa4 42. Ke4 Ra2 43. Ke3 Rb2 44. Kf3 Rb1 45. h4 Rc1 46. Ke4 Re1+ 1/2-1/2

[Event "Satka Autumn 2019"]
[Site "Satka"]
[Date "2019.09.21"]
[Round "3.8"]
[White "Mukhina, Jana"]
[Black "Benderac, Ana"]
[Result "1/2-1/2"]
[ECO "B06"]
[WhiteElo "2083"]
[BlackElo "2228"]
[Annotator "NA"]
[PlyCount "65"]
[EventDate "2019.09.19"]
[EventType "swiss"]
[EventCountry "RUS"]
[SourceTitle "playchess.com"]
[Source "ChessBase"]
[SourceQuality "1"]
[TimeControl "5400+30"]

1. e4 g6 2. d4 Bg7 3. Nc3 d6 4. Be3 e6 5. Qd2 a6 6. h4 h5 7. Bg5 Bf6 8. O-O-O b5 9. Qf4 Nd7 10. e5 Be7 11. Bd3 Bb7 12. f3 d5 13. Nh3 c5 14. Bxb5 axb5 15. Bxe7 Nxe7 16. Nxb5 Nc8 17. Ng5 O-O 18. g4 Qb6 19. Na3 Ne7 20. Rdg1 Ra4 21. gxh5 Rxd4 22. Qh2 Kh8 23. hxg6 Nxg6 24. Nxf7+ Rxf7 25. Rxg6 Qc7 26. Qg3 Nxe5 27. Rh6+ Rh7 28. Qg5 Qg7 29. Qd8+ Qg8 30. Qf6+ Qg7 31. Qd8+ Qg8 32. Qf6+ Qg7 33. Qd8+ 1/2-1/2

[Event "Satka Autumn 2019"]
[Site "Satka"]
[Date "2019.09.21"]
[Round "3.9"]
[White "Prudnikova, Svetlana"]
[Black "Voskresenskaya, Marta"]
[Result "1-0"]
[ECO "D70"]
[WhiteElo "2234"]
[BlackElo "1907"]
[Annotator "NA"]
[PlyCount "95"]
[EventDate "2019.09.19"]
[EventType "swiss"]
[EventCountry "RUS"]
[SourceTitle "playchess.com"]
[Source "ChessBase"]
[SourceQuality "1"]
[TimeControl "5400+30"]

1. d4 d5 2. c4 c6 3. Nf3 Nf6 4. Nbd2 Bf5 5. Nh4 Bg6 6. Qb3 Qc7 7. Nxg6 hxg6 8. g3 e6 9. Bg2 Nbd7 10. O-O Bd6 11. e4 dxe4 12. Nxe4 Nxe4 13. Bxe4 e5 14. dxe5 Bxe5 15. Bg2 O-O 16. Be3 Bd6 17. Rfd1 Rfd8 18. Qc2 Bc5 19. Rxd7 Rxd7 20. Bxc5 Rad8 21. Be3 Qa5 22. h4 Qh5 23. Kh2 Re7 24. b4 Re5 25. Qc3 f6 26. Bxa7 g5 27. Bf3 Qh7 28. Bd4 Re7 29. Re1 Rxe1 30. Qxe1 gxh4 31. Qe6+ Kh8 32. Bb6 hxg3+ 33. Kxg3 Qg6+ 34. Qg4 Qxg4+ 35. Kxg4 Ra8 36. b5 Rxa2 37. bxc6 bxc6 38. Bxc6 g6 39. Kg3 Kg7 40. c5 Kf8 41. Be4 f5 42. Bb7 Ke7 43. c6 Ra3+ 44. f3 Rc3 45. c7 Kd7 46. c8=Q+ Rxc8 47. Bxc8+ Kxc8 48. Kf4 1-0

[Event "Satka Autumn 2019"]
[Site "Satka"]
[Date "2019.09.21"]
[Round "3.10"]
[White "Kalenichenko, Alina"]
[Black "Schepetkova, Margarita"]
[Result "0-1"]
[ECO "E48"]
[WhiteElo "1597"]
[BlackElo "2194"]
[Annotator "NA"]
[PlyCount "74"]
[EventDate "2019.09.19"]
[EventType "swiss"]
[EventCountry "RUS"]
[SourceTitle "playchess.com"]
[Source "ChessBase"]
[SourceQuality "1"]
[TimeControl "5400+30"]

1. d4 Nf6 2. c4 e6 3. Nc3 Bb4 4. e3 O-O 5. Bd3 d5 6. Nge2 dxc4 7. Bxc4 c5 8. O-O cxd4 9. exd4 Nc6 10. Bg5 Be7 11. Bd3 Nd5 12. Bxe7 Ncxe7 13. Ng3 b6 14. Qh5 Nf6 15. Qf3 Rb8 16. Rfd1 Bb7 17. Qe3 Ned5 18. Nxd5 Qxd5 19. f3 Rfd8 20. Ne4 Nxe4 21. Bxe4 Qa5 22. a3 Bd5 23. Rac1 Rbc8 24. b4 Qb5 25. Qg5 f6 26. Qh5 f5 27. Bd3 Rxc1 28. Bxb5 Rxd1+ 29. Kf2 Rd2+ 30. Kg1 Rc8 31. h4 h6 32. Be8 Rcc2 33. Qf7+ Kh8 34. Qf8+ Kh7 35. Bf7 Rxg2+ 36. Kf1 Bc4+ 37. Ke1 Rc1# 0-1

[Event "Satka Autumn 2019"]
[Site "Satka"]
[Date "2019.09.21"]
[Round "3.11"]
[White "Filippova, Darya"]
[Black "Nikulina, Anastasiya"]
[Result "1/2-1/2"]
[ECO "A50"]
[WhiteElo "2110"]
[BlackElo "1540"]
[Annotator "NA"]
[PlyCount "84"]
[EventDate "2019.09.19"]
[EventType "swiss"]
[EventCountry "RUS"]
[SourceTitle "playchess.com"]
[Source "ChessBase"]
[SourceQuality "1"]
[TimeControl "5400+30"]

1. d4 Nf6 2. c4 b6 3. f3 g6 4. e4 d6 5. Be3 Bg7 6. Qd2 Nbd7 7. Nc3 e5 8. d5 a5 9. Bh6 O-O 10. Bxg7 Kxg7 11. g4 Nc5 12. Nge2 Qe7 13. Ng3 h6 14. g5 hxg5 15. Qxg5 Nxd5 16. Qd2 Nxc3 17. bxc3 Qf6 18. Qg2 Qh4 19. O-O-O Kg8 20. Rd2 Be6 21. Rg1 Na4 22. Kc2 Qf4 23. Bd3 Nc5 24. Nf5 Rfe8 25. Qh3 Nxd3 26. Rdg2 Bxf5 27. exf5 Kf8 28. fxg6 Nb4+ 29. Kb3 b5 30. cxb5 a4+ 31. Kb2 a3+ 32. Kb1 Qc4 33. g7+ Ke7 34. cxb4 Qxb4+ 35. Kc1 Qc3+ 36. Kd1 Qd4+ 37. Ke2 Qb2+ 38. Kf1 Qc1+ 39. Kf2 Qd2+ 40. Kf1 Qd1+ 41. Kf2 Qd2+ 42. Kf1 Qd1+ 1/2-1/2

[Event "Satka Autumn 2019"]
[Site "Satka"]
[Date "2019.09.21"]
[Round "3.12"]
[White "Krylova, Mariya"]
[Black "Trapeznikova, Darya"]
[Result "1/2-1/2"]
[ECO "C55"]
[WhiteElo "1543"]
[BlackElo "2085"]
[Annotator "NA"]
[PlyCount "85"]
[EventDate "2019.09.19"]
[EventType "swiss"]
[EventCountry "RUS"]
[SourceTitle "playchess.com"]
[Source "ChessBase"]
[SourceQuality "1"]
[TimeControl "5400+30"]

1. e4 e5 2. Nf3 Nc6 3. Bc4 Nf6 4. d3 Be7 5. O-O O-O 6. Nc3 d6 7. h3 Na5 8. Bb3 Nxb3 9. axb3 c6 10. d4 exd4 11. Nxd4 d5 12. exd5 Nxd5 13. Nxd5 Qxd5 14. Be3 Bf6 15. c3 a6 16. b4 Rd8 17. Qc2 Qh5 18. Rfd1 Rd5 19. c4 Rd8 20. Ra5 b5 21. Rd2 Bxd4 22. Rxd4 Rxd4 23. Bxd4 Bf5 24. Qc3 Qg6 25. c5 h6 26. Ra3 Rd8 27. Kh2 Be4 28. f3 Bd5 29. Qe3 Qe6 30. Qf4 Bc4 31. Rxa6 Qd5 32. Bc3 Qe6 33. Qc7 Rc8 34. Qg3 Qg6 35. Qxg6 fxg6 36. Ra7 Bf7 37. Rd7 Kf8 38. Kg3 Kg8 39. Kf4 Re8 40. Rd6 g5+ 41. Kg3 Bd5 42. Rd7 Bf7 43. Rd6 1/2-1/2

[Event "Satka Autumn 2019"]
[Site "Satka"]
[Date "2019.09.22"]
[Round "4.1"]
[White "Charochkina, Daria"]
[Black "Guseva, Marina"]
[Result "0-1"]
[ECO "D11"]
[WhiteElo "2360"]
[BlackElo "2374"]
[Annotator "NA"]
[PlyCount "76"]
[EventDate "2019.09.19"]
[EventType "swiss"]
[EventCountry "RUS"]
[SourceTitle "playchess.com"]
[Source "ChessBase"]
[SourceQuality "1"]
[TimeControl "5400+30"]

1. d4 d5 2. c4 c6 3. Nf3 Nf6 4. Qc2 dxc4 5. Qxc4 Bg4 6. Nc3 Nbd7 7. e4 Bxf3 8. gxf3 e5 9. Be3 exd4 10. Bxd4 Bd6 11. O-O-O Qe7 12. Be3 Bc5 13. Kb1 b5 14. Qe2 Bxe3 15. Qxe3 O-O 16. Rg1 g6 17. f4 Nb6 18. e5 Nfd5 19. Nxd5 Nxd5 20. Qf3 Rad8 21. Rc1 a6 22. Bd3 Nb4 23. Bf5 c5 24. a3 Nd5 25. Rcd1 Nc7 26. Qc6 b4 27. axb4 cxb4 28. Bd7 Nb5 29. Rd5 Qh4 30. Qc1 Qxf2 31. Rgd1 Rb8 32. f5 Nc3+ 33. Ka1 Nxd5 34. Rxd5 b3 35. e6 Qh4 36. exf7+ Rxf7 37. Bc6 Rc8 38. Re5 Qa4+ 0-1

[Event "Satka Autumn 2019"]
[Site "Satka"]
[Date "2019.09.22"]
[Round "4.2"]
[White "Loskutova, Viktoriya"]
[Black "Bykova, Anastasia"]
[Result "0-1"]
[ECO "B13"]
[WhiteElo "2162"]
[BlackElo "2259"]
[Annotator "NA"]
[PlyCount "122"]
[EventDate "2019.09.19"]
[EventType "swiss"]
[EventCountry "RUS"]
[SourceTitle "playchess.com"]
[Source "ChessBase"]
[SourceQuality "1"]
[TimeControl "5400+30"]

1. e4 c6 2. d4 d5 3. exd5 cxd5 4. Bd3 Nc6 5. c3 Nf6 6. Bf4 Bg4 7. Qb3 Qc8 8. Nd2 e6 9. Ngf3 Be7 10. O-O Bh5 11. Rfe1 O-O 12. Rac1 Bg6 13. Bxg6 hxg6 14. Qb5 a6 15. Qd3 b5 16. Ng5 Nd7 17. Ndf3 Re8 18. Ne5 Bxg5 19. Bxg5 f6 20. Nxc6 Qxc6 21. Bd2 Kf7 22. b3 Rac8 23. Re3 Rh8 24. Rce1 Nf8 25. Rh3 Rxh3 26. Qxh3 Qd6 27. Ra1 Qa3 28. Bc1 Qa5 29. Bd2 g5 30. Qd3 Qb6 31. Be1 Ng6 32. g3 Ne7 33. a4 Nf5 34. axb5 axb5 35. Bd2 Nd6 36. Kg2 Qb7 37. f3 Rh8 38. h3 Qd7 39. g4 Qb7 40. Ra5 Ra8 41. Rxa8 Qxa8 42. Qb1 Nc8 43. Be1 Ne7 44. Bg3 Ng6 45. Qb2 Qa5 46. Kf2 Ne7 47. Bd6 Nc6 48. Qc2 Qd8 49. Bc5 Qc7 50. Qh7 Ne5 51. h4 gxh4 52. Qxh4 Nd3+ 53. Kg2 Nf4+ 54. Kf2 Qa5 55. Qh8 Qxc3 56. Qf8+ Kg6 57. Qe8+ Kg5 58. Qxb5 Qd2+ 59. Kf1 Nd3 60. Kg1 Qf2+ 61. Kh1 Nf4 0-1

[Event "Satka Autumn 2019"]
[Site "Satka"]
[Date "2019.09.22"]
[Round "4.5"]
[White "Lysenko, Margarita"]
[Black "Dubnikova, Anastasia"]
[Result "1/2-1/2"]
[ECO "D35"]
[WhiteElo "2249"]
[BlackElo "2056"]
[Annotator "NA"]
[PlyCount "101"]
[EventDate "2019.09.19"]
[EventType "swiss"]
[EventCountry "RUS"]
[SourceTitle "playchess.com"]
[Source "ChessBase"]
[SourceQuality "1"]
[TimeControl "5400+30"]

1. d4 Nf6 2. c4 e6 3. Nc3 d5 4. cxd5 exd5 5. Bg5 c6 6. e3 Bf5 7. Qf3 Bg6 8. Bxf6 Qxf6 9. Qxf6 gxf6 10. h4 Bd6 11. h5 Bf5 12. Nf3 h6 13. Nh4 Bh7 14. O-O-O Rg8 15. Bd3 Bxd3 16. Rxd3 Kd7 17. f3 Na6 18. g4 Rge8 19. Nf5 Bf8 20. Rd2 Nc7 21. Rg1 Ne6 22. f4 b5 23. Ne2 Bb4 24. Rc2 Rh8 25. Kb1 Rac8 26. Nc1 Bf8 27. Nd3 Rg8 28. Ne1 a5 29. Nf3 a4 30. a3 Rc7 31. Rcg2 Rh8 32. Rc2 b4 33. axb4 Bxb4 34. Rgc1 a3 35. b3 Bf8 36. Ka2 Rg8 37. Rg2 Rb7 38. Ne1 Nc7 39. Nd3 Na6 40. Rcg1 Ke6 41. Rc1 Kd7 42. Rb1 Rh8 43. Rh1 Ke6 44. Rc1 Kd7 45. Rh1 Ke6 46. Re1 Nb4+ 47. Nxb4 Bxb4 48. Rc1 Kd7 49. Rgc2 Rb6 50. Re2 Bf8 51. Rg2 1/2-1/2

[Event "Satka Autumn 2019"]
[Site "Satka"]
[Date "2019.09.22"]
[Round "4.6"]
[White "Mar, Karmen"]
[Black "Prudnikova, Svetlana"]
[Result "1/2-1/2"]
[ECO "B40"]
[WhiteElo "2026"]
[BlackElo "2234"]
[Annotator "NA"]
[PlyCount "176"]
[EventDate "2019.09.19"]
[EventType "swiss"]
[EventCountry "RUS"]
[SourceTitle "playchess.com"]
[Source "ChessBase"]
[SourceQuality "1"]
[TimeControl "5400+30"]

1. e4 c5 2. Nf3 e6 3. g3 Nc6 4. Bg2 Nf6 5. d3 Be7 6. e5 Ng4 7. Qe2 Qc7 8. Bf4 d6 9. exd6 Bxd6 10. Bxd6 Qxd6 11. Nc3 O-O 12. O-O Bd7 13. Rfe1 Rac8 14. Ng5 Nf6 15. Nce4 Qe7 16. Nxf6+ Qxf6 17. Qh5 Qg6 18. Qxg6 hxg6 19. h4 Nd4 20. Rac1 Bc6 21. Bxc6 Rxc6 22. Kg2 Rd8 23. Nf3 Ra6 24. a3 Rb6 25. b3 Rbd6 26. a4 b6 27. Re4 f6 28. Ree1 Kf7 29. Nd2 e5 30. Ne4 R6d7 31. Nd2 Rh8 32. Ne4 Rh5 33. Rh1 Rd8 34. Nd2 Rdh8 35. c3 Ne6 36. Nf3 Rd8 37. Rcd1 Rhh8 38. Rd2 Rd7 39. Rhd1 Rhd8 40. Kf1 Nc7 41. Ke2 Nd5 42. Rc1 Ke6 43. Rcc2 Ne7 44. Rc1 Nc6 45. Rcd1 Rd6 46. Rc1 f5 47. Ng5+ Kf6 48. Rcc2 R8d7 49. Nh7+ Ke7 50. Ng5 Rb7 51. Rb2 Rb8 52. Kd1 Rbd8 53. Ke2 R8d7 54. Rbc2 Rd8 55. Rb2 Rb8 56. Kd1 a6 57. Ke2 Rbd8 58. Rbc2 Na5 59. Rb2 e4 60. dxe4 Rxd2+ 61. Rxd2 Rxd2+ 62. Kxd2 Nxb3+ 63. Kc2 c4 64. exf5 gxf5 65. Nf3 Nc5 66. Ne5 Nxa4 67. Nxc4 b5 68. Ne3 Ke6 69. c4 bxc4 70. Nxc4 Kd5 71. Nd2 Nc5 72. f3 Kd4 73. g4 fxg4 74. fxg4 Ke3 75. Nc4+ Kf4 76. Nd6 Kxg4 77. Kc3 g6 78. Kb4 Ne6 79. Ka5 Nc7 80. Kb6 Kxh4 81. Kxc7 a5 82. Kb6 a4 83. Nc4 g5 84. Kb5 a3 85. Nxa3 Kg3 86. Nc4 Kf4 87. Nd2 g4 88. Nf1 Kf3 1/2-1/2

[Event "Satka Autumn 2019"]
[Site "Satka"]
[Date "2019.09.22"]
[Round "4.7"]
[White "Benderac, Ana"]
[Black "Mirzaeva, Gulnara"]
[Result "0-1"]
[ECO "A03"]
[WhiteElo "2228"]
[BlackElo "1936"]
[Annotator "NA"]
[PlyCount "96"]
[EventDate "2019.09.19"]
[EventType "swiss"]
[EventCountry "RUS"]
[SourceTitle "playchess.com"]
[Source "ChessBase"]
[SourceQuality "1"]
[TimeControl "5400+30"]

1. f4 d5 2. Nf3 Nf6 3. b3 c5 4. Bb2 Nc6 5. e3 a6 6. Ne5 e6 7. d3 Qc7 8. Nd2 Bd6 9. Ndf3 b5 10. Be2 Bb7 11. O-O Bxe5 12. Nxe5 Rd8 13. Qe1 d4 14. Qg3 O-O 15. Nxc6 Bxc6 16. b4 Nd5 17. exd4 cxb4 18. a3 Nc3 19. Bg4 Na4 20. Bc1 Bb7 21. Be3 bxa3 22. Rxa3 Qxc2 23. f5 exf5 24. Bxf5 Rfe8 25. Bg5 f6 26. Bxf6 Qxg2+ 27. Qxg2 Bxg2 28. Bxd8 Bxf1 29. Bh4 g6 30. Bd7 Rf8 31. Be6+ Kg7 32. Bf2 Be2 33. d5 Kf6 34. Bh3 Rd8 35. Bd4+ Ke7 36. Bg2 Bg4 37. Ra1 Bf5 38. Rc1 Bxd3 39. Rc6 Rd6 40. Rc7+ Rd7 41. Rc6 Rd6 42. Rc8 b4 43. Be5 b3 44. Rc7+ Rd7 45. d6+ Ke6 46. Bc6 Kxe5 47. Bxd7 b2 48. Rb7 Bb5 0-1

[Event "Satka Autumn 2019"]
[Site "Satka"]
[Date "2019.09.22"]
[Round "4.8"]
[White "Svetlova, Ksenia"]
[Black "Petrenko, Svetlana"]
[Result "1-0"]
[ECO "B07"]
[WhiteElo "1875"]
[BlackElo "2200"]
[Annotator "NA"]
[PlyCount "69"]
[EventDate "2019.09.19"]
[EventType "swiss"]
[EventCountry "RUS"]
[SourceTitle "playchess.com"]
[Source "ChessBase"]
[SourceQuality "1"]
[TimeControl "5400+30"]

1. e4 d6 2. d4 Nf6 3. Nc3 g6 4. f3 c6 5. Be3 h5 6. h4 Bg7 7. Qd2 b5 8. Nh3 a6 9. Ng5 Qc7 10. Be2 Nbd7 11. Nd1 Bb7 12. Rf1 c5 13. c3 e5 14. Nf2 O-O 15. d5 Qa5 16. g4 Bc8 17. Nh1 Nb6 18. Rg1 Nc4 19. Bxc4 bxc4 20. Ng3 hxg4 21. h5 gxf3 22. Nxf3 Bg4 23. h6 Bh8 24. Ng5 Rfb8 25. Rf1 Rb7 26. Qh2 Kf8 27. Rxf6 Bxf6 28. Nh7+ Kg8 29. Nxf6+ Kh8 30. Nxg4 Rab8 31. Bc1 Qd8 32. Qf2 f5 33. exf5 gxf5 34. Qxf5 Qg8 35. Bg5 1-0

[Event "Satka Autumn 2019"]
[Site "Satka"]
[Date "2019.09.22"]
[Round "4.9"]
[White "Schepetkova, Margarita"]
[Black "Eidelson, Rakhil"]
[Result "1-0"]
[ECO "E68"]
[WhiteElo "2194"]
[BlackElo "2064"]
[Annotator "NA"]
[PlyCount "155"]
[EventDate "2019.09.19"]
[EventType "swiss"]
[EventCountry "RUS"]
[SourceTitle "playchess.com"]
[Source "ChessBase"]
[SourceQuality "1"]
[TimeControl "5400+30"]

1. d4 Nf6 2. c4 g6 3. Nf3 Bg7 4. g3 O-O 5. Bg2 d6 6. O-O Nbd7 7. Nc3 e5 8. e4 exd4 9. Nxd4 Nc5 10. h3 Re8 11. Re1 Bd7 12. Rb1 Qc8 13. g4 h5 14. f3 Ne6 15. Nde2 Qd8 16. Be3 hxg4 17. hxg4 Nh7 18. Qd2 Qh4 19. Bf2 Bh6 20. Bxh4 Bxd2 21. Red1 Bh6 22. e5 Bc6 23. exd6 cxd6 24. Rxd6 Nhg5 25. Nd5 Bxd5 26. Rxd5 Rac8 27. b3 Nh7 28. Kf1 a6 29. Rbd1 b5 30. cxb5 axb5 31. f4 Rc2 32. R1d2 Rxd2 33. Rxd2 g5 34. fxg5 Nhxg5 35. Rd5 b4 36. Be1 Bf8 37. Rb5 Rd8 38. Bxb4 Bxb4 39. Rxb4 Rd1+ 40. Kf2 Nc5 41. Rd4 Ra1 42. b4 Nce6 43. Rd2 Rb1 44. a3 Rb3 45. Ra2 Kg7 46. Bd5 Rb1 47. Bxe6 Nxe6 48. Ke3 Kf6 49. Nc3 Rg1 50. Rf2+ Ke7 51. a4 Rxg4 52. Ne4 Rg1 53. Kd3 Rd1+ 54. Kc3 Rc1+ 55. Kd3 Rd1+ 56. Nd2 Rc1 57. Nb3 Rc8 58. a5 Rb8 59. Kc4 Nc7 60. Nd4 Rc8 61. Nc6+ Kd6 62. b5 Rh8 63. Rd2+ Ke6 64. b6 Rh4+ 65. Nd4+ Kd7 66. bxc7 Kxc7 67. Rf2 Rh7 68. Rf6 Kd7 69. Nb3 Kc7 70. Rf5 Kb7 71. Rf6 Ka7 72. Kb5 Kb7 73. Nc5+ Ka7 74. Rd6 Kb8 75. Kb6 Kc8 76. Rc6+ Kd8 77. a6 Rh1 78. Nb7+ 1-0

[Event "Satka Autumn 2019"]
[Site "Satka"]
[Date "2019.09.22"]
[Round "4.10"]
[White "Petrukhina, Olga"]
[Black "Stroganova, Karina"]
[Result "1-0"]
[ECO "A89"]
[WhiteElo "2192"]
[BlackElo "1885"]
[Annotator "NA"]
[PlyCount "61"]
[EventDate "2019.09.19"]
[EventType "swiss"]
[EventCountry "RUS"]
[SourceTitle "playchess.com"]
[Source "ChessBase"]
[SourceQuality "1"]
[TimeControl "5400+30"]

1. Nf3 f5 2. d4 Nf6 3. g3 g6 4. Bg2 Bg7 5. O-O d6 6. c4 O-O 7. Nc3 Nc6 8. d5 Ne5 9. Nxe5 dxe5 10. e4 f4 11. b3 g5 12. f3 g4 13. gxf4 exf4 14. Rb1 g3 15. hxg3 fxg3 16. e5 Nh5 17. f4 Qe8 18. Ne4 Qg6 19. e6 Nf6 20. f5 Qe8 21. Nxf6+ Rxf6 22. Qg4 h5 23. Qxg3 Qf8 24. Bb2 Rh6 25. Bc1 Rf6 26. Be4 h4 27. Qg4 h3 28. Kh1 h2 29. Rb2 Bxe6 30. dxe6 Rxe6 31. Bd5 1-0

[Event "Satka Autumn 2019"]
[Site "Satka"]
[Date "2019.09.22"]
[Round "4.11"]
[White "Zyapaeva, Polina"]
[Black "Makarenko, Alexandra"]
[Result "0-1"]
[ECO "A16"]
[WhiteElo "1808"]
[BlackElo "2169"]
[Annotator "NA"]
[PlyCount "82"]
[EventDate "2019.09.19"]
[EventType "swiss"]
[EventCountry "RUS"]
[SourceTitle "playchess.com"]
[Source "ChessBase"]
[SourceQuality "1"]
[TimeControl "5400+30"]

1. c4 Nf6 2. Nc3 g6 3. g3 Bg7 4. Bg2 O-O 5. e4 d6 6. Nge2 Nc6 7. d3 a6 8. h3 Rb8 9. a4 Nb4 10. Be3 Nd7 11. O-O Ne5 12. Nc1 c5 13. Rb1 Bd7 14. f4 Nec6 15. N1e2 Nd4 16. Bf2 Qa5 17. b3 Nbc6 18. Kh1 b5 19. axb5 axb5 20. f5 Nxe2 21. Nxe2 bxc4 22. dxc4 Ne5 23. g4 Rb7 24. Bh4 Re8 25. f6 exf6 26. Bxf6 Qc7 27. Nc3 Bc6 28. Bxg7 Kxg7 29. g5 Reb8 30. Qc2 h6 31. gxh6+ Kxh6 32. Qf2 Qe7 33. Qc2 Kg7 34. Nd5 Bxd5 35. exd5 Qh4 36. Qc3 Qd4 37. Qc2 Rh8 38. Rfd1 Qe3 39. Re1 Qg3 40. Rf1 Ng4 41. Qb2+ f6 0-1